[Event "Saint Louis Norm Congress-IM 2022"]
[Site "Saint Louis"]
[Date "2022.05.21"]
[Round "5.5"]
[White "Rodriguez Rivera, Pedro"]
[Black "Ezra Paul Chambers"]
[Result "1/2-1/2"]
[ECO "D05"]
[WhiteElo "2197"]
[BlackElo "2232"]
[Annotator "TA"]
[PlyCount "134"]
[EventDate "2022.05.20"]
[EventType "tourn"]
[EventCountry "USA"]
[SourceTitle "playchess.com"]
[Source "ChessBase"]
[SourceQuality "1"]
[TimeControl "5400+30"]

1. d4 d5 2. Nf3 Nf6 3. e3 c5 4. c3 e6 5. Bd3 Bd6 6. Nbd2 O-O 7. O-O Nbd7 8. Re1 e5 9. dxe5 Nxe5 10. Nxe5 Bxe5 11. Nf3 Bc7 12. c4 {[%emt 0:01:56] D05: Colle System with ...e6.} dxc4 13. Bxc4 Qxd1 14. Rxd1 {[%emt 0:00:03] [#]} Bd7 $146 ({Predecessor:} 14... Bg4 15. b3 Rad8 16. Bb2 Nd7 17. Rd5 h6 18. Nh4 Be6 19. Rdd1 Bxc4 20. bxc4 Be5 {½-½ (49) Cassi,E (1615)-Samudin,E (1825) Moscow 2018}) 15. b3 Rfd8 16. Bb2 b5 17. Be2 Bb6 18. Bxf6 gxf6 19. Rd6 Kg7 20. Rad1 Be8 21. Nh4 {[%emt 0:01:04] White is much more active.} Rxd6 22. Rxd6 Kf8 23. Nf5 Rc8 24. Rd1 Bc6 25. Kf1 Bc7 26. Rc1 Bb8 27. Bd3 Bd7 28. Ng3 Ke7 29. Ke2 h6 30. Nf5+ Bxf5 31. Bxf5 $16 {[%emt 0:00:02][%mdl 4096] Endgame KRB-KRB} Rc6 32. Bd3 {[%emt 0:00:41] Prevents c4.} a6 33. a4 bxa4 34. bxa4 Bd6 35. Rb1 c4 36. Be4 Rc7 37. Rb7 Rxb7 38. Bxb7 $11 {[%emt 0:00:01] KB-KB} a5 39. Bd5 c3 40. h3 Ba3 {[%emt 0:00:51] [#] Threatens to win with ...c2.} 41. Kd3 Bb4 42. Bb3 Kf8 43. Ke4 Kg7 44. Kf5 Bc5 45. g4 Bb6 46. h4 Bc5 47. h5 Bb6 48. Ke4 Bc5 49. Kd5 Bb4 50. Bc2 Kf8 51. f4 Ba3 52. Kd4 Bb4 53. e4 Bd6 54. e5 fxe5+ {[%emt 0:00:05] The position is equal.} 55. fxe5 Bb4 56. Ke4 Kg7 57. Bd3 Be7 58. Kd4 Bb4 59. Be4 f6 60. e6 Kf8 61. Bc2 Ke7 62. Kd5 Ba3 63. Bb3 Bb4 64. Ke4 c2 65. Bxc2 Kxe6 66. Bb3+ Ke7 67. Kf5 Bd2 {[%emt 0:00:06] Weighted Error Value: White=0.05 (flawless) /Black=0.06 (flawless)} 1/2-1/2

[Event "Saint Louis Norm Congress-IM 2022"]
[Site "Saint Louis"]
[Date "2022.05.22"]
[Round "6.1"]
[White "Posthuma, Joshua"]
[Black "Ezra Paul Chambers"]
[Result "1-0"]
[ECO "D30"]
[WhiteElo "2405"]
[BlackElo "2232"]
[Annotator "TA"]
[PlyCount "124"]
[EventDate "2022.05.20"]
[EventType "tourn"]
[EventCountry "USA"]
[SourceTitle "playchess.com"]
[Source "ChessBase"]
[SourceQuality "1"]
[TimeControl "5400+30"]

1. Nf3 d5 2. d4 Nf6 3. c4 c6 4. e3 e6 5. Nbd2 c5 6. cxd5 exd5 {[%emt 0:00:08] D30: Queen's Gambit Declined: Systems without Nc3.} 7. Bb5+ Nc6 8. Ne5 Bd7 {[%emt 0:01:15] The position is equal.} 9. Nxd7 Qxd7 {[%emt 0:00:15] [#]} 10. Nf3 $146 ({Predecessor:} 10. dxc5 Bxc5 11. Nb3 Bd6 12. Nd4 O-O 13. O-O a6 14. Be2 Rfe8 15. Nxc6 bxc6 16. Bf3 {½-½ (42) Kovacs,Z (2298)-Szabolcsi,J (2386) Hungary 2003}) 10... Bd6 11. dxc5 Bxc5 12. O-O O-O 13. b3 Qd6 14. Bb2 Ne4 15. Bxc6 bxc6 16. Rc1 Rac8 17. Nd4 f5 {[%emt 0:06:45] [#]} (17... Bxd4 $11 {keeps the balance.} 18. Qxd4 f6) 18. Rxc5 $1 $16 Qxc5 (18... Nxc5 $2 19. Ba3 $18) 19. Ne6 $1 Qe7 20. Nxf8 Rxf8 21. Qc2 Qe6 22. Rc1 Rc8 23. Bd4 Rc7 24. Qd3 c5 25. f3 c4 26. bxc4 dxc4 27. Qb1 Nd6 28. Qb8+ Qc8 29. Bxa7 {[%emt 0:01:11] White is much more active.} Kf7 30. Qxc8 Rxc8 {[%emt 0:00:13][%mdl 4096] Endgame KRB-KRN} 31. Bd4 g6 32. a4 Ke6 33. Kf2 Kd5 34. Ke2 f4 35. Rd1 fxe3 36. Bxe3+ Kc6 37. g4 (37. Ra1 $16) 37... Ra8 $14 38. Ra1 $1 Kd5 ({Black should play} 38... Ne8 $1 $14) 39. a5 $1 $18 c3 {[%emt 0:03:21] [#]} 40. Kd3 (40. a6 $1 $18 {is the precise move to win.}) 40... Nc4 $16 41. a6 {[%emt 0:00:16] Hoping for a7.} Nxe3 {[%emt 0:00:45] [#] KRN-KR} 42. Ra5+ $1 Kc6 {[%emt 0:01:02] Strongly threatening ...c2.} 43. Kxe3 {[%emt 0:00:11] aiming for a7. KR-KR} Kb6 44. Ra1 {[%emt 0:08:22][%cal Oa6a7] And now a7! would win.} g5 $2 (44... Rxa6 45. Rxa6+ Kxa6 46. Kd3 $18) (44... Ka7 $16 {might work better.}) 45. Kd3 $18 Ka7 46. Ra5 ({Less strong is} 46. Kxc3 Rf8 $16) 46... Rc8 {[%emt 0:01:21] White must now prevent ...c2.} 47. Kc2 ({Don't blunder} 47. Rxg5 $2 c2 48. Rg7+ Kxa6 $19) 47... h6 48. Ra3 Re8 $2 (48... Rf8 {keeps fighting.} 49. Rxc3 Kxa6) 49. Rxc3 Re2+ $2 (49... Kxa6 {was called for.} 50. Rc6+ Kb5 51. Rxh6 Re3) 50. Kd3 Rxh2 51. Ra3 h5 52. Ke4 h4 53. Kf5 Rg2 54. Kxg5 {[%emt 0:00:15] White mates.} h3 55. f4 h2 56. Rh3 Kxa6 57. f5 Kb6 58. Kf4 Kc6 59. Kf3 Ra2 60. Kg3 Kd6 61. Rxh2 Ra3+ 62. Kf4 Kd5 {[%emt 0:00:11] Weighted Error Value: White=0.05 (flawless) /Black=0.33} 1-0

[Event "Saint Louis Norm Congress-IM 2022"]
[Site "Saint Louis"]
[Date "2022.05.22"]
[Round "6.2"]
[White "Antova, Gabriela"]
[Black "Rodriguez Rivera, Pedro"]
[Result "*"]
[ECO "A54"]
[WhiteElo "2293"]
[BlackElo "2197"]
[Annotator "TA"]
[PlyCount "33"]
[EventDate "2022.05.20"]
[EventType "tourn"]
[EventCountry "USA"]
[SourceTitle "playchess.com"]
[Source "ChessBase"]
[SourceQuality "1"]
[TimeControl "5400+30"]

1. d4 Nf6 2. c4 d6 3. Nf3 Nbd7 4. g3 e5 5. Nc3 c6 6. Bg2 Be7 7. O-O O-O 8. Qc2 a6 9. Rd1 {[%emt 0:02:17] A54: Old Indian Defence with Nf3, but without e4.} Qc7 10. dxe5 dxe5 {[%emt 0:01:02] [#]} 11. Nh4 $146 {[%emt 0:02:52] White has an edge.} ({Predecessor:} 11. Ne4 Re8 12. Nxf6+ Nxf6 13. h3 h6 14. Be3 Be6 15. b3 Nd7 16. c5 Nf6 17. a3 {0-1 (49) Perdomo,C (2301)-Valdes Romero,L (2402) Chess.com INT 2020}) 11... g6 {[%emt 0:01:40] The position is equal.} 12. b3 Re8 13. Bb2 a5 14. Nf3 Bf8 15. Na4 Nc5 16. Nxc5 Bxc5 17. e3 {[%emt 0:00:59] Weighted Error Value: White=0.10 (very precise) /Black=0.03 (flawless)} *

[Event "Saint Louis Norm Congress-IM 2022"]
[Site "Saint Louis"]
[Date "2022.05.22"]
[Round "6.3"]
[White "Tokhirjonova, Gulrukhbegim"]
[Black "Proleiko, Julian"]
[Result "1/2-1/2"]
[ECO "B13"]
[WhiteElo "2337"]
[BlackElo "2204"]
[Annotator "TA"]
[PlyCount "161"]
[EventDate "2022.05.20"]
[EventType "tourn"]
[EventCountry "USA"]
[SourceTitle "playchess.com"]
[Source "ChessBase"]
[SourceQuality "1"]
[TimeControl "5400+30"]

1. e4 c6 2. d4 d5 3. exd5 cxd5 4. Bd3 Nf6 5. h3 Nc6 6. c3 e5 7. dxe5 Nxe5 8. Nf3 Nxd3+ 9. Qxd3 Be7 {[%emt 0:00:19][%cal Bf8e7,Be7d8,Bd8b6][%mdl 32] 9...Bd6 is more advanced technology.} 10. O-O O-O 11. Bg5 {[%emt 0:02:31] B13: Caro-Kann: Exchange Variation and Panov-Botvinnik Attack.} h6 12. Bh4 Qb6 13. Nbd2 ({Better is} 13. Qc2 $11) 13... Qxb2 $15 14. Rfe1 {[%emt 0:01:49] aiming for a4.} Bd8 {[%emt 0:00:56] [#]} 15. Bg3 $146 ({Predecessor:} 15. c4 dxc4 16. Nxc4 Qb5 17. Nd4 Qa6 18. Qb3 Bd7 19. Ne5 Ba4 20. Qf3 Rc8 21. Nf5 {0-1 (40) Bistric,F (2425)-Jovanic,O (2260) Pula 1997}) 15... Qa3 {[%emt 0:17:41] Inhibits Bd6.} 16. Rab1 Bb6 (16... Qxa2 $2 17. Ra1 Qb2 18. Reb1 $18) 17. Be5 Nd7 (17... Qxa2 $2 18. Ra1 Qb2 19. Reb1 Qxa1 20. Rxa1 $18) 18. Bd4 Nc5 (18... Bxd4 $17 19. Nxd4 Nf6) 19. Qe3 $11 Ne6 20. Bxb6 axb6 21. Nb3 Ra6 ({Don't play} 21... Qxa2 22. Ra1 Qxb3 23. Rxa8 $16) 22. Re2 Bd7 23. Rd2 (23. Ne5 $15 Bb5 24. Reb2) 23... Nc5 24. Nxc5 bxc5 25. Rxb7 ({White should try} 25. Rxd5 $15 Qxa2 26. Rbd1) 25... Re6 $1 $17 26. Qd3 Bc6 $36 {[%emt 0:00:35][%mdl 2048] Black is really pushing.} 27. Rb6 Qc1+ 28. Kh2 $2 (28. Rd1 $15 Qf4 29. Re1) 28... d4 $1 $19 {[%emt 0:01:32] White must now prevent ...Be4.} 29. Rxc6 Rxc6 30. cxd4 cxd4 31. Qxd4 Rc2 32. Rd3 Qb2 33. Qxb2 Rxb2 {[%emt 0:00:39][%mdl 4096] Endgame KRR-KRN} 34. Kg3 Rxa2 35. Nd2 Rb8 36. Kf3 Rbb2 37. Ke3 g6 38. h4 Kg7 39. g3 Ra1 40. Ke2 Rb6 41. Kf3 Rf6+ 42. Kg2 Rd1 43. Rd4 Kf8 44. Rd3 Re6 45. Kf3 {[%emt 0:00:36] Inhibits Re2.} Ke7 46. Rd4 f5 47. Nb3 Rxd4 48. Nxd4 {[%emt 0:00:01] KR-KN} Re4 49. Ne2 g5 50. hxg5 (50. Nc3 Rd4 51. Ne2 Rd3+ 52. Kg2) 50... hxg5 51. Nc3 g4+ 52. Kg2 Rc4 53. Nd5+ Ke6 54. Nf4+ Ke5 55. Ng6+ Ke4 56. Nf4 Rc2 $2 (56... Rc1 57. Ne6 Rc2 58. Nf4 Kd4 59. Ne6+ Ke4 60. Ng7 Rc6 61. Nh5 Rc3 62. Nf4 Ra3 63. Ne6 Ke5 64. Nf4 Ra2 65. Kf1 Rc2 66. Ng2 Rb2 67. Ne3 Rb1+ 68. Ke2 Ke4 69. Ng2 Rb2+ 70. Kf1 Ke5 71. Nf4 Rd2 72. Ke1 Ra2 73. Ng6+ Kd4 74. Kf1 Kd5 75. Nf4+ Kd4 76. Ng2 Kd5 77. Nh4 Ke6 78. Ng2 Ke5 79. Nf4 Kd4 80. Ng2 Ke4 81. Nh4 Rd2 82. Ke1 Rc2 83. Kf1 Rd2 84. Ke1 Rb2 85. Kf1 Ke5 86. Ng6+ Kd5 87. Nf4+ Ke4 88. Ng2 Rd2 89. Nh4 Rd1+ 90. Ke2 Ra1 91. Ng6 Ra2+ 92. Kf1 Kd5 93. Nh4 Ke6 94. Ng2 Ke5 95. Nf4) 57. Ne6 $2 (57. Kf1 $19) 57... Kd3 $1 58. Ng7 Rc5 59. Ne6 Re5 60. Nf4+ Kd2 $1 61. Kf1 Re1+ 62. Kg2 Re4 (62... Rd1 $142 63. Ng6 Ke2) 63. Kf1 Ra4 {[%emt 0:01:54] ...Ra1+ is the strong threat.} 64. Ne6 $2 (64. Ng6 $19) 64... Ra1+ $1 65. Kg2 Ke1 $1 66. Nf4 Ra3 67. Kg1 Rf3 68. Ng2+ {[%emt 0:00:08] [#]} Ke2 $1 69. Nf4+ {[%emt 0:00:24] [#]} Rxf4 $1 70. gxf4 {[%emt 0:00:02] KPP-KPP} Kf3 71. Kf1 Kxf4 {[%emt 0:00:05] KPP-KP} 72. Kg2 Kg5 73. Kg3 f4+ 74. Kg2 Kh4 75. Kf1 Kg5 $2 (75... f3 76. Kg1 g3 77. Kf1 g2+ 78. Kg1 Kg4 79. Kh2 Kf5 80. Kg1 Ke4 81. Kh2 Kd3 82. Kg3 Ke2 83. Kg4 g1=Q+ 84. Kf5 Qxf2 85. Kg5 Qd4 86. Kh5 f2 87. Kh6 f1=Q 88. Kh5 Qf5+ 89. Kh6 Qh8#) 76. Ke1 $2 (76. Kg2 $11 f3+ 77. Kg1 Kf5 78. Kh2 Kf4 79. Kg1 g3 80. fxg3+ Kxg3 81. Kh1 Kf4 82. Kg1 Ke3 83. Kh2 f2 84. Kg2 Ke2 85. Kh3 f1=Q+ 86. Kg4 Qf6 87. Kh5 Ke3 88. Kg4 Qg6+ 89. Kh3 Kf3 90. Kh4 Qh6#) 76... Kf5 77. Ke2 Ke4 $2 (77... f3+ {mates} 78. Ke3 Ke5 79. Kd3 Kf4 80. Kd2 Ke4 81. Kd1 Kd3 82. Ke1 Kc2 83. Kf1 Kd2 84. Kg1 g3 85. fxg3 Ke2 86. Kh2 f2 87. Kh3 f1=Q+ 88. Kh4 Qf6+ 89. Kg4 Ke3 90. Kh3 Kf3 91. Kh2 Qb2+ 92. Kh3 Qh8#) 78. f3+ $1 $11 {[%emt 0:00:28] The position is equal.} Kf5 79. fxg4+ Kxg4 {[%emt 0:00:02] ( -> ...Kg3)} 80. Kf2 f3 81. Kf1 {[%emt 0:00:07] Weighted Error Value: White=0.72/Black=0.27 (precise)} 1/2-1/2

[Event "Saint Louis Norm Congress-IM 2022"]
[Site "Saint Louis"]
[Date "2022.05.22"]
[Round "6.4"]
[White "Lee, Alice"]
[Black "Grabinsky, Aaron"]
[Result "1/2-1/2"]
[ECO "E11"]
[WhiteElo "2344"]
[BlackElo "2401"]
[Annotator "TA"]
[PlyCount "215"]
[EventDate "2022.05.20"]
[EventType "tourn"]
[EventCountry "USA"]
[SourceTitle "playchess.com"]
[Source "ChessBase"]
[SourceQuality "1"]
[TimeControl "5400+30"]

1. d4 e6 2. c4 Nf6 3. Nf3 Bb4+ 4. Bd2 Bxd2+ 5. Qxd2 d6 6. Nc3 Nbd7 7. e4 e5 8. Be2 O-O 9. O-O c6 10. Rfd1 Re8 11. Qc2 a5 12. Rd2 Qe7 13. Rad1 g6 14. d5 c5 15. Ne1 Nb6 16. Nb5 Rf8 17. Qd3 Ne8 18. Bf1 f5 19. f3 Bd7 20. Nc3 f4 21. Rc1 Nf6 22. Kf2 Qe8 23. Nc2 g5 24. h3 (24. Na3 $11) 24... Qh5 (24... Na4 $15) 25. Ke1 Ne8 26. Kd1 Nc7 27. Na3 (27. Rb1 {is more complex.} Na4 28. Qe2 Rfb8 29. Qf2) 27... Qe8 (27... Na4 {keeps more tension.} 28. Ncb5 Bxb5 29. Nxb5 Nxb5 30. cxb5 Nb6) 28. Kc2 Nc8 29. Kb1 Na7 30. Qe2 Kf7 (30... h5 $11) 31. Qf2 Ke7 32. Bd3 Qg6 33. Rh1 h5 34. Be2 (34. g3 $14 {was preferrable.}) 34... Rh8 35. Rdd1 Rag8 36. Rh2 Ne8 37. Rdh1 Rh7 (37... h4 $11) 38. Nc2 (38. Bd1 $14) 38... Rgh8 (38... Nc7 $11 {is more appropriate.}) 39. a4 (39. Rc1 $14) 39... Nf6 40. Ne1 b6 41. Rg1 Rg8 42. Rgh1 Nc8 43. Nd3 Rhg7 44. g4 fxg3 45. Qxg3 h4 46. Qf2 Nh5 47. Bd1 Qf6 48. Qd2 Kd8 49. Rg1 Nf4 50. Nf2 Rf7 51. Rhh1 Nh5 52. Re1 Qg6 53. Qe3 Ne7 54. Rh2 Qf6 55. Ne2 Ng3 56. Ng1 (56. Qb3 $15 Kc7 57. Nc3) 56... Rgf8 $17 57. b3 Qg7 58. Kc2 Kc7 59. Kb1 Rf4 60. Nd3 R4f6 $1 61. Nf2 Be8 62. Ng4 Rf4 63. Nf2 Bh5 64. Nd3 R4f6 65. Nf2 Ng8 66. Ka2 R6f7 67. Kb1 Nf6 68. Kc2 Nh7 69. Kb1 Rf6 70. Kc2 R8f7 71. Ng4 Rf4 72. Kc1 Qf8 73. Qd3 Nf6 74. Nf2 Nd7 75. Ng4 Bg6 76. Nf2 Nf6 77. Kb2 (77. Qd2 $142) 77... Bh5 78. Kc1 $1 Qg7 79. Qe3 Bg6 80. Bc2 (80. Ne2 $15) 80... Qf8 (80... Nd7 $17 81. Kb1 (81. Nd3 Bxe4 82. Nxf4 exf4 $17) 81... Bh5) 81. Kb2 (81. Nd3 $11) 81... Nfh5 (81... Nh7 $17) 82. Bd1 (82. Nd3 $11) 82... Qg7 83. Ka2 Rf8 (83... Bh7 $1 $17) 84. Bc2 (84. Nd3 $15) 84... Qf6 ({Better is} 84... Be8 $17 85. Nd3 R4f7) 85. Bd1 (85. Nd3 $11) 85... Qf7 ({Black should try} 85... Qe7 $17 86. Ng4 Be8) 86. Kb2 (86. Nd3 $11 {was the only way to keep the balance.}) 86... Ng7 (86... Qh7 $17 87. Ng4 (87. Nd3 R4f7 $17) 87... Qe7) 87. Qd3 (87. Nd3 $11) 87... N3h5 (87... Qe7 $17 88. Qc3 N7h5) 88. Qe3 (88. Rg2 $11 {keeps the balance.}) 88... Qe7 $1 $17 89. Nd3 R4f7 90. Nf2 Ng3 91. Bc2 Bh5 92. Bd1 Qf6 93. Ng4 Qg6 94. Nf2 Ne8 95. Ka2 Rf4 (95... Kb7 $17) 96. Nd3 $11 Nf6 97. Nf2 Qf7 98. Kb2 Qg7 99. Ka2 (99. Nd3 Nfxe4 $1 100. Ka3 (100. fxe4 $2 Rxe4 101. Qc1 Rxe1 $19) 100... Nf5 101. Nxf4 exf4 $15) 99... Rf7 100. Bc2 Qf8 101. Bd1 Qh6 102. Kb2 Nh7 103. Qd3 Qf8 104. Re3 Bg6 105. Re1 Nf6 106. Ka2 ({Not} 106. Ne2 $2 Rxf3 $3 107. Qxf3 Nfxe4 108. Nxg3 hxg3 $19) 106... Bh7 107. Kb2 ({But not} 107. Ne2 {[#]} Rxf3 $1 108. Qxf3 Nfxe4 $17) 107... Nfh5 108. Qe3 1/2-1/2

[Event "Saint Louis Norm Congress-IM 2022"]
[Site "Saint Louis"]
[Date "2022.05.22"]
[Round "6.5"]
[White "Yu, Jennifer"]
[Black "Marek, Matyas"]
[Result "0-1"]
[ECO "A35"]
[WhiteElo "2257"]
[BlackElo "2363"]
[Annotator "TA"]
[PlyCount "67"]
[EventDate "2022.05.20"]
[EventType "tourn"]
[EventCountry "USA"]
[SourceTitle "playchess.com"]
[Source "ChessBase"]
[SourceQuality "1"]
[TimeControl "5400+30"]

1. c4 c5 2. Nf3 g6 3. Nc3 Bg7 4. d4 cxd4 5. Nxd4 Nc6 6. Nb3 a5 {[%emt 0:01:21] [#] A35: Symmetrical English: 2 Nc3 Nc6 3 Nf3.} 7. a3 $146 (7. Nc5 $11) ({Predecessor:} 7. Bf4 a4 8. Nd2 a3 9. Rb1 axb2 10. Qc2 Nb4 11. Qb3 Qa5 12. Nb5 Na6 13. e4 d6 14. Be2 {0-1 (22) Smirnov,A (2567)-Xiong,J (2679) Chess.com INT 2019}) 7... d6 $15 8. Na4 Nf6 {[%emt 0:01:21] Black is slightly better.} 9. f3 O-O 10. e4 e6 11. Be3 d5 12. Bb6 Qe8 13. Bc5 dxe4 14. Nb6 {[%emt 0:05:06] [#]} (14. fxe4 $11 {is superior.} Nxe4 15. Bxf8 Qxf8 16. Qc2) 14... Rb8 $1 $17 15. Bxf8 (15. Be2 exf3) 15... Qxf8 16. Be2 exf3 17. Bxf3 Ne5 {[%emt 0:00:14] Threatens to win with ...Nfd7.} 18. O-O a4 19. Nxa4 Nxc4 {[%emt 0:00:27] And now ...Ne3 would win.} 20. Qe2 {[%emt 0:00:21] Prevents Ne3.} b5 {[%emt 0:00:39][%mdl 1024] Black has compensation.} 21. Nac5 Nd5 22. Nd3 Nde3 23. Rf2 (23. Rfe1 $15) 23... Qd6 24. Re1 h5 {[%emt 0:05:22] 0x0.0012591a0629dp-1022s more active pieces.} (24... f5 $17 {...e5 is the strong threat.} 25. Nb4 Bxb2) 25. Kh1 $1 $15 e5 26. Nd2 (26. Nbc5 $1 $15) 26... Ng4 27. Bxg4 Bxg4 $40 {[%emt 0:00:21][%mdl 128] Black goes for the king.} 28. Qf1 Nxd2 (28... Rd8 $17 29. Nxc4 bxc4) 29. Rxd2 Rd8 {[%emt 0:00:38] Strongly threatening ...Bf5.} 30. Qf2 (30. Rxe5 $15 Bh6 31. Rf2) 30... e4 $2 ({Black should try} 30... Qd4 $19 31. Qxd4 Rxd4) 31. Rxe4 $11 Bf5 {[%emt 0:00:05] [#]} ({Black should play} 31... f5 $11 32. Re1 Bh6) 32. Re3 $2 (32. Ree2 $1 $14 {was the only good move.}) 32... Bh6 $19 {[%emt 0:00:36][%mdl 64] Skewer} 33. Rg3 Bxd2 {[%emt 0:00:17] This bishop pair is nice.} 34. Qf4 {[%emt 0:00:33] Weighted Error Value: White=0.41/Black=0.19 (very precise)} 0-1

[Event "Saint Louis Norm Congress-IM 2022"]
[Site "Saint Louis"]
[Date "2022.05.22"]
[Round "7.2"]
[White "Grabinsky, Aaron"]
[Black "Yu, Jennifer"]
[Result "0-1"]
[ECO "D00"]
[WhiteElo "2401"]
[BlackElo "2257"]
[Annotator "TA"]
[PlyCount "70"]
[EventDate "2022.05.20"]
[EventType "tourn"]
[EventCountry "USA"]
[SourceTitle "playchess.com"]
[Source "ChessBase"]
[SourceQuality "1"]
[TimeControl "5400+30"]

1. d4 d5 2. Nc3 Nf6 3. Bf4 Bf5 4. f3 h5 5. e3 e6 6. Bd3 {[%emt 0:00:46] D00: 1 d4 d5: Unusual lines.} Bxd3 7. Qxd3 a6 {[%emt 0:00:03] Against Qb5+} 8. e4 {[%emt 0:06:47] The position is equal.} c5 9. dxc5 d4 (9... Nc6 {is interesting.} 10. exd5 Nb4 11. Qe2 Nfxd5 12. O-O-O Bxc5 13. a3 Qf6) 10. O-O-O Bxc5 {[%emt 0:00:33] [#] With the idea ...Qa5.} 11. Bxb8 $146 ({Predecessor:} 11. Nce2 Nc6 12. Nh3 Rc8 13. a3 Nd7 14. Kb1 b5 15. Nc1 e5 16. Bg5 f6 17. Bd2 {1-0 (72) Damjanovic,V (2393)-Rustemov,A (2525) Chess.com INT 2021}) 11... Rxb8 12. Nce2 e5 13. h3 Qe7 14. Kb1 h4 15. g3 hxg3 16. Nxg3 g6 {[%emt 0:00:05] Inhibits Nf5.} 17. N1e2 Rh4 18. Rdf1 Qc7 19. Qd2 Be7 20. f4 Rd8 21. Rf3 exf4 (21... Nd7 $15 22. f5 Qc6 23. fxg6 fxg6) 22. Nxf4 $11 g5 {[%emt 0:00:00][%cal Rh4f4] [#]} 23. Ng6 Nxe4 24. Qe1 Nxg3 $1 $17 {[%emt 0:01:10] The board is on fire.} ({Of course not} 24... fxg6 25. Nxe4 Qe5 26. Nf6+ Bxf6 27. Rxf6 Qxe1+ 28. Rxe1+ Kd7 29. Rxg6 $11) 25. Nxe7 Qxe7 26. Qxg3 Re4 27. Rf5 f6 {[%emt 0:00:45] Threatens to win with ...Re3.} 28. a3 Re3 29. Qf2 (29. Qg4 $142) 29... Re2 {[%emt 0:01:16] Black is much more active.} (29... Rd6 $142 $1 {aiming for ...Re2.} 30. Rc5 Qe4) 30. Qf3 {[%emt 0:00:35] [#]} Rd6 $40 {[%emt 0:00:35][%cal Od4d3][%mdl 128] White must now prevent ...d3! Black is out for blood.} 31. Qg3 {[%emt 0:03:25][%mdl 8192] This move loses the game for White.} (31. Rc1 $17) 31... d3 $19 ({Don't blunder} 31... Qe4 $2 32. Rc1 Rc6 33. Qf3 $17 (33. Qb8+ $2 Kf7 $19)) 32. Rf2 Re1+ 33. Rxe1 Qxe1+ {[%emt 0:00:03] Black is clearly winning.} 34. Ka2 Qe6+ (34... dxc2 $142 35. Qxd6 c1=Q 36. Qb8+ Kf7 37. Rxf6+ Kxf6 38. Qf8+ Ke5 39. Qe8+ Kf4 40. Qb8+ Ke3 41. Qe5+ Kf3 42. Qf5+ Kg3 43. Qd3+ Kg2 44. Qd5+ Kxh3 45. Qf5+ Kh2 46. Qh7+ Kg1 47. Qd3 Kh2 48. Qh7+ Kg1 49. Qd3 Qe6+ 50. Qb3 {[#]} Qb1+ $3 51. Kxb1 Qxb3 52. a4 g4 53. Kc1 g3 54. Kd2 Kf2 55. a5 g2 56. Kc1 g1=R+ 57. Kd2 Rd1#) 35. b3 d2 {[%emt 0:00:02] Weighted Error Value: White=0.74/Black=0.33} 0-1

[Event "Saint Louis Norm Congress-IM 2022"]
[Site "Saint Louis"]
[Date "2022.05.22"]
[Round "7.3"]
[White "Proleiko, Julian"]
[Black "Lee, Alice"]
[Result "0-1"]
[ECO "D30"]
[WhiteElo "2204"]
[BlackElo "2344"]
[Annotator "TA"]
[PlyCount "90"]
[EventDate "2022.05.20"]
[EventType "tourn"]
[EventCountry "USA"]
[SourceTitle "playchess.com"]
[Source "ChessBase"]
[SourceQuality "1"]
[TimeControl "5400+30"]

1. d4 d5 2. c4 e6 3. Nf3 a6 4. Bg5 Be7 5. Bxe7 Qxe7 6. Nbd2 {[%emt 0:00:12] D30: Queen's Gambit Declined: Systems without Nc3.} Nf6 7. g3 O-O 8. Bg2 {[%emt 0:00:04] The position is equal.} Nbd7 9. O-O c5 10. cxd5 {[%emt 0:00:39] [#]} Nxd5 $146 (10... exd5 $11 11. e3 b6) ({Predecessor:} 10... exd5 11. a4 a5 12. Nb1 b6 13. Nc3 Bb7 14. Qb3 Rfd8 15. Rfd1 Rac8 16. e3 h6 {½-½ (69) Predke,A (2684)-Timofeev,A (2580) Cheliabinsk 2020}) 11. e4 $14 N5f6 12. e5 Nd5 13. Ne4 Rd8 14. dxc5 Nxc5 15. Nxc5 Qxc5 16. Ng5 Qe7 17. Qh5 h6 18. Ne4 Bd7 19. Rae1 (19. Rfd1 $11 {keeps the balance.}) 19... Bb5 $17 20. Nd6 Bxf1 21. Rxf1 Rd7 22. Rd1 Nb6 23. Rc1 Rb8 24. f4 $2 {[%emt 0:02:22] Loses the game.} (24. h4 $17) 24... Rc7 $19 25. Rd1 Nc4 ({Avoid the trap} 25... Rc2 $2 26. b4 $19) 26. b3 Ne3 27. Rd3 (27. Rd2 {is a better defense.}) 27... Rc1+ 28. Kf2 Nxg2 29. Kxg2 Rc2+ 30. Kh3 Rxa2 31. Rd4 Ra5 32. Qg4 Rd8 33. b4 Ra2 34. Qh5 Rd7 35. Qd1 Rc7 {[%emt 0:02:53] Prevents Nc8. aiming for ...Rcc2. Black is clearly winning.} 36. Ne4 {[%emt 0:00:36] [#] Hoping for Rd8+.} Rc8 {[%emt 0:03:00] Prevents Rd8+.} 37. Rd7 Qe8 ({Less strong is} 37... Qxb4 38. Nf6+ gxf6 39. Qg4+ Kh8 40. Rxf7 Rxh2+ 41. Kxh2 $18) 38. Qd6 (38. Rd3 $142 Qc6 39. Qf3) 38... f5 39. Nd2 Qh5+ 40. Kg2 Qe2+ 41. Kh3 Qg4+ 42. Kg2 Rcc2 {[%emt 0:00:30] Strongly threatening ...Qe2+.} 43. Qb8+ Kh7 44. Qd8 {[%emt 0:00:03] [#]} Rxd2+ $1 45. Rxd2 Qd1 {[%emt 0:00:23] Weighted Error Value: White=0.66/Black=0.19 (very precise)} 0-1